[Event "Team 45 45 League T32"]
[Site "Internet Chess Club"]
[Date "2007.03.13"]
[Round "8"]
[White "spacecadet"]
[Black "camembert"]
[Result "1-0"]
[WhiteElo "2042"]
[BlackElo "1919"]
[ECO "C36"]
[TimeControl "2700+45"]

1. e4 e5 2. f4 exf4 3. Nf3 d5 4. exd5 Nf6 5. Bb5+ c6 6. dxc6 Nxc6 7. c3 Bd6 8.
d4 O-O 9. O-O Bg4 10. Be2 Re8 11. Nbd2 Nd5 12. Nc4 Bc7 13. Qc2 b5 14. Na3 a6 15.
Bd3 Ne3 16. Bxe3 fxe3 17. Bxh7+ Kh8 18. Be4 Qd6 19. g3 Rac8 20. Bxc6 Qxc6 21.
Ng5 g6 22. Nxf7+ Kg7 23. Ne5 Bxe5 24. dxe5 Rxe5 25. Rf4 e2 26. Re1 Qc5+ 27. Rd4
Rd8 28. Qd2 Re4 29. Nc2 Rh8 30. h4 Qf5 31. Rxe4 Qxe4 32. Qd4+ Qxd4+ 33. Nxd4
{Black resigns} 1-0

[Event "Team 45 45 League T32"]
[Site "Internet Chess Club"]
[Date "2007.03.11"]
[Round "8"]
[White "Avedldesierto"]
[Black "Rainbird"]
[Result "1-0"]
[WhiteElo "1807"]
[BlackElo "1790"]
[ECO "B14"]
[TimeControl "2700+45"]

1. e4 c6 2. d4 d5 3. exd5 cxd5 4. c4 Nf6 5. Nc3 g6 6. Bf4 a6 7. cxd5 Bg7 8. Bc4
O-O 9. Nge2 b5 10. Bd3 Nxd5 11. Be4 Bb7 12. Qb3 e6 13. Nxd5 Bxd5 14. Bxd5 Qxd5
15. Qxd5 exd5 16. Rc1 Nd7 17. O-O Rac8 18. b3 Rfe8 19. Rxc8 Rxc8 20. Rc1 Rxc1+
21. Bxc1 Nf6 22. Nf4 Bf8 23. f3 Bd6 24. Nd3 Nd7 25. b4 Kf8 26. Bf4 Bxf4 27. Nxf4
Nb6 28. Kf2 Ke7 29. Ke2 Kd6 30. Nd3 Nc4 31. Nc5 a5 32. Nb7+ Kc7 33. Nxa5 Nxa5
34. bxa5 Kb7 35. Kd3 Ka6 36. Kc3 Kxa5 37. Kb3 b4 38. a4 g5 39. g3 h6 40. g4
{Black resigns} 1-0

[Event "Team 45 45 League T32"]
[Site "Internet Chess Club"]
[Date "2007.03.11"]
[Round "8"]
[White "RD1974"]
[Black "chiiwen"]
[Result "0-1"]
[WhiteElo "1727"]
[BlackElo "1882"]
[ECO "B23"]
[TimeControl "2700+45"]

1. e4 c5 2. Nc3 g6 3. d3 Bg7 4. Be3 d6 5. Qd2 Nc6 6. g3 Rb8 7. Bg2 b5 8. Nge2 b4
9. Nd1 Nd4 10. c3 Nxe2 11. Qxe2 a5 12. O-O Nf6 13. Qd2 Ng4 14. Bg5 h6 15. Bf4 e5
16. Be3 O-O 17. h3 Nxe3 18. Nxe3 Be6 19. c4 a4 20. Kh2 Qd7 21. Rad1 b3 22. a3
Kh7 23. Nd5 Bxd5 24. exd5 f5 25. f4 exf4 26. Rxf4 Be5 27. Rf3 Qg7 28. Rb1 Rfe8
29. Kg1 Bd4+ 30. Kf1 Re7 31. h4 Qe5 32. Bh3 Rbe8 33. g4 f4 34. g5 hxg5 35. Be6
Kg7 36. Re1 Be3 37. Rexe3 fxe3 38. Rxe3 Qf4+ 39. Kg2 Rf8 40. Qe2 gxh4 41. Rh3 g5
42. Kg1 Qc1+ 43. Kg2 Qc2 44. Re3 Qxe2+ 45. Rxe2 Rf6 46. Re3 Rf4 47. Re2 Rd4 48.
Re3 g4 49. Kh2 Kf6 50. Kg2 Kg5 51. Kf2 Kf4 52. Re4+ Rxe4 53. dxe4 g3+ 54. Kg2
Kxe4 55. Bg4 Kd3 56. Kh3 Kc2 {White resigns} 0-1

[Event "Team 45 45 League T32"]
[Site "Internet Chess Club"]
[Date "2007.03.12"]
[Round "8"]
[White "markgravitygood"]
[Black "Hedges"]
[Result "1-0"]
[WhiteElo "1815"]
[BlackElo "1761"]
[ECO "C00"]
[TimeControl "2700+45"]

1. e4 e6 2. d3 d5 3. Nd2 Nc6 4. Ngf3 Nf6 5. e5 Nd7 6. d4 f6 7. exf6 Nxf6 8. c3
Bd6 9. Bd3 O-O 10. O-O e5 11. dxe5 Nxe5 12. Nxe5 Bxe5 13. Nf3 Bg4 14. Be2 Bd6
15. Bg5 Qd7 16. Bxf6 Rxf6 17. Qxd5+ Kh8 18. Ne5 Bxe5 19. Qxe5 Bxe2 20. Qxe2 Raf8
21. Rad1 Qa4 22. b3 Qh4 23. Qe7 Qf4 24. Qe3 Qf5 25. Rd2 b6 26. Re1 Rg6 27. g3 h5
28. Qe4 Qg5 29. Rd5 Qh6 30. Rf5 Rxf5 31. Qxf5 h4 32. Re8+ Kh7 33. Re6 h3 34.
Qxg6+ Qxg6 35. Rxg6 Kxg6 36. f3 Kf5 37. Kf2 g5 38. Ke3 c6 39. f4 gxf4+ 40. gxf4
a6 41. Kf3 a5 42. Ke3 b5 43. b4 a4 44. a3 Kf6 45. Ke4 Ke6 46. f5+ Kf6 47. Kf4
Ke7 48. Ke5 Kf7 49. f6 Ke8 50. Ke6 Kf8 51. f7 {Black resigns} 1-0

[Event "Team 45 45 League T32"]
[Site "Internet Chess Club"]
[Date "2007.03.09"]
[Round "8"]
[White "hansolo1000"]
[Black "GrandPoobah069"]
[Result "1-0"]
[WhiteElo "1795"]
[BlackElo "1659"]
[ECO "A57"]
[TimeControl "2700+45"]

1. d4 Nf6 2. c4 c5 3. d5 b5 4. Nf3 d6 5. a4 bxc4 6. Nc3 a5 7. e4 Ba6 8. Qc2 Nbd7
9. Nb5 Bxb5 10. axb5 g6 11. Bxc4 Bg7 12. Bd2 Nxe4 13. Qxe4 Bxb2 14. Ra2 Bg7 15.
O-O O-O 16. Re1 Re8 17. Qc2 Qc7 18. Bc3 Bxc3 19. Qxc3 Nb6 20. Rxa5 Rxa5 21. Qxa5
Nxd5 22. Qa2 Nb4 23. Bxf7+ Kf8 24. Qc4 Nc2 25. Bxe8 Kxe8 26. Qxc2 {Black
resigns} 1-0

[Event "Team 45 45 League T32"]
[Site "Internet Chess Club"]
[Date "2007.03.11"]
[Round "8"]
[White "charles-allen"]
[Black "kamu"]
[Result "0-1"]
[WhiteElo "1680"]
[BlackElo "1762"]
[ECO "C55"]
[TimeControl "2700+45"]

1. e4 e5 2. d4 exd4 3. Nf3 Nc6 4. Bc4 Nf6 5. O-O Bc5 6. e5 Ng4 7. Bxf7+ Kxf7 8.
Ng5+ Kg8 9. Qxg4 Nxe5 10. Qg3 d6 11. Re1 d3 12. cxd3 Bb4 13. Re4 Ba5 14. d4 Ng6
15. Qf3 Qd7 16. Nc3 h6 17. Qh5 Ne5 18. dxe5 hxg5 19. Qxg5 Bxc3 20. bxc3 Qe8 21.
Ba3 Bd7 22. Rd1 Rh5 23. Qg3 Bc6 24. Rg4 Qxe5 25. f4 Qf6 26. Rg6 Qf7 27. Bb2 Be4
28. Rg5 Rxg5 29. fxg5 Qxa2 30. Bc1 Qc2 31. Re1 Rf8 32. Bf4 Rxf4 33. Rf1 Rxf1+
34. Kxf1 Bd3+ {White resigns} 0-1

[Event "Team 45 45 League T32"]
[Site "Internet Chess Club"]
[Date "2007.03.10"]
[Round "8"]
[White "alastorx"]
[Black "Bullitproof"]
[Result "1-0"]
[WhiteElo "1909"]
[BlackElo "1540"]
[ECO "D02"]
[TimeControl "2700+45"]

1. d4 d5 2. Nf3 Bg4 3. Ne5 Nf6 4. Nxg4 Nxg4 5. e4 Nxf2 6. Kxf2 dxe4 7. Nc3 e5 8.
dxe5 Bc5+ 9. Be3 Qh4+ 10. g3 Bxe3+ 11. Kxe3 Qg5+ 12. Kf2 Qf5+ 13. Kg2 O-O 14.
Qd4 Qf3+ 15. Kg1 Nc6 16. Qxe4 Qxe4 17. Nxe4 Nxe5 18. Rd1 Rae8 19. Bg2 Nc4 20.
Kf2 Re7 21. b3 Nb6 22. Rhe1 Rfe8 23. Nc3 Rxe1 24. Rxe1 Rxe1 25. Kxe1 c6 26. Ne4
Nd5 27. c4 Ne3 28. Bf3 Nf5 29. g4 Nd4 30. Bg2 Nc2+ 31. Kd2 Nd4 32. Kd3 Ne6 33.
Ke3 {Black resigns} 1-0

[Event "Team 45 45 League T32"]
[Site "Internet Chess Club"]
[Date "2006.07.21"]
[Round "8"]
[White "NFK"]
[Black "autobot"]
[Result "1-0"]
[WhiteElo "1606"]
[BlackElo "1629"]
[ECO "B13"]
[TimeControl "2700+45"]

1. e4 c6 2. d4 d5 3. exd5 cxd5 4. c4 Nf6 5. Nc3 Nc6 6. c5 e5 7. Bb5 exd4 8. Qxd4
Be6 9. Nf3 Be7 10. Ne5 Qc8 11. O-O O-O 12. Bxc6 bxc6 13. Be3 Nd7 14. Nxd7 Qxd7
15. Ne2 Bf6 16. Qd2 Rab8 17. Bd4 Qe7 18. Rfc1 Rb7 19. b3 Rfb8 20. Qc3 Bxd4 21.
Nxd4 Qd7 22. Re1 Bf5 23. Re5 Bg6 24. Rae1 Be4 25. f3 Qc7 26. Rg5 Bg6 27. Rge5 h6
28. Re7 Qf4 29. Ne6 Qf6 30. Qxf6 gxf6 31. Nd4 Rxe7 32. Rxe7 a6 33. Rc7 Bd3 34.
Rxc6 Rb4 35. Rc8+ Kg7 36. Nc6 Rb5 37. b4 Rb7 38. a3 Bb5 39. Nd4 Bd7 40. Rd8
{Black resigns} 1-0

[Event "Team 45 45 League T32"]
[Site "Internet Chess Club"]
[Date "2007.03.08"]
[Round "8"]
[White "eltorpe"]
[Black "Thestorm"]
[Result "*"]
[WhiteElo "1878"]
[BlackElo "2144"]
[ECO "A38"]
[TimeControl "2700+45"]

1. c4 c5 2. g3 Nc6 3. Bg2 Nf6 4. Nc3 g6 5. Nf3 Bg7 6. O-O O-O 7. d3 d6 8. a3 a6
9. Rb1 Bd7 10. Bd2 Rb8 11. b4 cxb4 12. axb4 b5 13. cxb5 axb5 14. Ng5 e6 15. Nge4
Qc7 16. Nxf6+ Bxf6 17. Ne4 Bg7 18. Rc1 Rfc8 19. Re1 h6 20. Qb3 Ra8 21. Bc3 Ra4
22. Bxg7 Kxg7 23. Qc3+ {Game adjourned when Black disconnected} *

[Event "Team 45 45 League T32"]
[Site "Internet Chess Club"]
[Date "2007.03.11"]
[Round "8"]
[White "ETwoEFour"]
[Black "mambomex"]
[Result "1-0"]
[WhiteElo "1931"]
[BlackElo "1777"]
[ECO "B00"]
[TimeControl "2700+45"]

1. e4 a6 2. d4 b5 3. Bd3 Bb7 4. Nf3 e6 5. a4 b4 6. c4 bxc3 7. bxc3 Nf6 8. e5 Nd5
9. O-O Be7 10. Qb3 Qc8 11. Na3 O-O 12. Rb1 Nb6 13. a5 Bxf3 14. axb6 Bxa3 15.
Bxa3 Bd5 16. c4 Bxg2 17. Bxf8 Bxf1 18. b7 Nc6 19. bxc8=Q Rxc8 20. Kxf1 Rxf8 21.
Qb7 Nxd4 22. Qxc7 Nf3 23. Rb8 f6 24. Rxf8+ Kxf8 25. Qd8+ Kf7 26. Qxd7+ Kf8 27.
Qc8+ Ke7 28. Qb7+ Kd8 29. Qxf3 fxe5 {Black resigns} 1-0

[Event "Team 45 45 League T32"]
[Site "Internet Chess Club"]
[Date "2007.03.11"]
[Round "8"]
[White "joshtournman"]
[Black "chipionero"]
[Result "1/2-1/2"]
[WhiteElo "1500"]
[BlackElo "1714"]
[ECO "B22"]
[TimeControl "2700+45"]

1. e4 c5 2. c3 Nf6 3. e5 Nd5 4. d4 cxd4 5. cxd4 e6 6. Bc4 Nb6 7. Bb3 Be7 8. Nf3
d6 9. O-O Qc7 10. Qc2 Qxc2 11. Bxc2 Bd7 12. Rd1 Nc6 13. Bf4 dxe5 14. Nxe5 Nxe5
15. dxe5 Nd5 16. Bg3 Rc8 17. Be4 Bc6 18. Bxd5 Bxd5 19. Nc3 Bc6 20. Ne2 O-O 21.
Rac1 Bb5 22. Nd4 Bc4 23. b3 Bd5 24. Nb5 Bc5 25. Nd6 Rc7 26. b4 Bb6 27. Rxc7 Bxc7
28. Nb5 Bb6 29. Nc3 Rc8 30. Nxd5 exd5 31. h3 d4 32. a4 a6 33. f3 Rc4 34. a5 Ba7
35. Be1 Bb8 36. f4 f6 37. exf6 Bxf4 38. fxg7 Be3+ 39. Bf2 Bxf2+ 40. Kxf2 Rxb4
41. Kf3 Kxg7 42. Ke4 Ra4 43. Rxd4 Rxa5 44. Rd7+ Kg6 45. Rxb7 Ra2 46. g4 a5 47.
h4 h6 48. Rb6+ Kg7 49. Ra6 a4 50. g5 {Game drawn by mutual agreement} 1/2-1/2

[Event "Team 45 45 League T32"]
[Site "Internet Chess Club"]
[Date "2007.03.11"]
[Round "8"]
[White "Allessia"]
[Black "gracey"]
[Result "1-0"]
[WhiteElo "2250"]
[BlackElo "2121"]
[ECO "B23"]
[TimeControl "2700+45"]

1. e4 c5 2. Nc3 d6 3. g3 Nc6 4. Bg2 g6 5. d3 h5 6. h3 e5 7. Nge2 Nf6 8. O-O Be7
9. f4 h4 10. g4 Nd4 11. Qd2 O-O 12. f5 Qe8 13. g5 Nh5 14. Nxd4 cxd4 15. Nd5 Bd8
16. Rf2 Qa4 17. Qe2 Bd7 18. Qf3 Ba5 19. b3 Qb5 20. b4 Bb6 21. a4 Qa6 22. Ne7+
Kg7 23. Qg4 Rad8 24. f6+ Kh8 25. Qxh4 {Black resigns} 1-0

[Event "Team 45 45 League T32"]
[Site "Internet Chess Club"]
[Date "2007.03.08"]
[Round "8"]
[White "Bug"]
[Black "bobhill"]
[Result "1-0"]
[WhiteElo "2157"]
[BlackElo "2103"]
[ECO "A00"]
[TimeControl "2700+45"]

1. e3 c5 2. f4 Nc6 3. Nf3 d6 4. b3 Nf6 5. Bb2 Bg4 6. Bb5 a6 7. Bxc6+ bxc6 8. O-O
e6 9. h3 Bh5 10. d3 Nd5 11. Qd2 Qb6 12. g4 Bg6 13. e4 Nf6 14. f5 exf5 15. exf5
O-O-O 16. Nc3 d5 17. Na4 Qa7 18. Be5 h5 19. fxg6 hxg4 20. hxg4 Nxg4 21. Qf4 Nxe5
22. Nxe5 Bd6 23. Qf5+ Kb7 24. Qxf7+ Bc7 25. Nd7 Rxd7 26. Qxd7 c4+ 27. Rf2 Qd4
28. c3 Qe3 29. Qg4 cxd3 30. Qf3 Qg5+ 31. Rg2 Qh4 32. Rd1 d2 33. Rgxd2 Bh2+ 34.
Kf1 Bg3 35. Ke2 Bf4 36. Kd3 Qf6 37. Kc2 Qxg6+ 38. Kb2 Bxd2 39. Rxd2 Qe8 40. Re2
Qg6 41. Qe3 Rh1 42. Qb6+ Kc8 43. Qxa6+ Kb8 44. Qb6+ Kc8 45. Ka3 Rh8 46. Nc5 Qf7
47. Re6 Rh6 48. Qxc6+ Kb8 49. Nd7+ Ka7 50. Qb6+ {Black resigns} 1-0

[Event "Team 45 45 League T32"]
[Site "Internet Chess Club"]
[Date "2007.03.08"]
[Round "8"]
[White "baumhauer"]
[Black "morgado"]
[Result "1/2-1/2"]
[WhiteElo "2030"]
[BlackElo "1942"]
[ECO "B10"]
[TimeControl "2700+45"]

1. e4 c6 2. g3 d5 3. e5 Bf5 4. d4 e6 5. Bg2 c5 6. c3 Nc6 7. Ne2 cxd4 8. cxd4 Nb4
9. Qa4+ Qd7 10. Qxd7+ Kxd7 11. Na3 Nd3+ 12. Kf1 Bxa3 13. bxa3 Nxc1 14. Rxc1 Bd3
15. Ke1 Bxe2 16. Kxe2 Ne7 17. f4 Rac8 18. Ke3 Rxc1 19. Rxc1 Rc8 20. Rxc8 Kxc8
21. Kd3 Kc7 22. Bf3 Kb6 23. Bd1 Ka5 24. Bc2 b5 25. Kc3 g6 26. g4 Nc8 27. h4 Nb6
28. f5 Nd7 29. fxe6 fxe6 30. g5 Kb6 31. Bd1 a5 32. Bg4 Nf8 33. Kb3 Kc6 34. a4 b4
35. a3 bxa3 36. Kxa3 Kb6 37. Kb3 Kc6 38. Kc3 Kc7 39. Be2 Kd7 40. Bb5+ Kd8 {Game
drawn by mutual agreement} 1/2-1/2

[Event "Team 45 45 League T32"]
[Site "Internet Chess Club"]
[Date "2007.03.12"]
[Round "8"]
[White "DeepHmm"]
[Black "Gil-galad"]
[Result "1/2-1/2"]
[WhiteElo "2230"]
[BlackElo "2105"]
[ECO "B76"]
[TimeControl "2700+45"]

1. e4 c5 2. Nf3 d6 3. d4 cxd4 4. Nxd4 Nf6 5. Nc3 g6 6. Be3 Bg7 7. f3 Nc6 8. Qd2
O-O 9. O-O-O d5 10. exd5 Nxd5 11. Nxc6 bxc6 12. Bd4 Nxc3 13. Qxc3 Bh6+ 14. Be3
Bxe3+ 15. Qxe3 Qb6 16. Qh6 Rb8 17. b3 Be6 18. h4 Qc5 19. Kb1 Rfd8 20. Rxd8+ Rxd8
21. Bd3 Bf5 22. Bxf5 Qxf5 23. h5 a5 24. Qe3 Rd7 25. g4 Qd5 26. hxg6 hxg6 27. Qh6
Qd4 28. Qh7+ Kf8 29. Qh8+ Qxh8 30. Rxh8+ Kg7 31. Ra8 Rd5 32. c4 Rc5 33. Kc2 Kf6
34. Kd3 Ke5 35. Ke3 g5 36. a3 e6 37. Ra7 f5 38. Ra8 Kd6 39. Kd4 e5+ 40. Kd3 e4+
41. fxe4 fxg4 42. Rh8 Re5 43. Rh1 Re7 44. b4 axb4 45. axb4 Rb7 46. Kd4 Rxb4 47.
Rh6+ Kd7 48. Rg6 Rb1 49. Rxg5 Rg1 50. Rg7+ Ke6 51. Kc5 Ke5 52. Re7+ Kf6 53. Re8
Kf7 54. Re5 Rf1 55. Rg5 Rf4 56. Kxc6 Rxe4 57. c5 Kf6 58. Rg8 Kf7 59. Ra8 g3 60.
Ra2 Rg4 61. Rg2 Ke6 62. Kb5 Kd7 63. Kb6 Rb4+ 64. Ka5 Rg4 65. Kb5 Kc7 66. c6 Rg5+
67. Kc4 Kxc6 68. Kd4 {Game drawn by mutual agreement} 1/2-1/2

[Event "Team 45 45 League T32"]
[Site "Internet Chess Club"]
[Date "2007.03.11"]
[Round "8"]
[White "gorgon"]
[Black "achessman"]
[Result "1-0"]
[WhiteElo "2128"]
[BlackElo "1993"]
[ECO "D11"]
[TimeControl "2700+45"]

1. d4 d5 2. c4 c6 3. Nf3 Nf6 4. Qc2 e6 5. g3 Nbd7 6. Bg2 Bd6 7. O-O O-O 8. Nbd2
a6 9. e4 dxe4 10. Nxe4 Nxe4 11. Qxe4 c5 12. Rd1 Ra7 13. Qe2 b6 14. Be3 Qe7 15.
Rd2 Bb7 16. Rad1 Nf6 17. Ne5 Bxg2 18. Kxg2 Ne4 19. Rd3 cxd4 20. Bxd4 Qb7 21. f3
Nf6 22. Bxb6 Qxb6 23. Rxd6 Qa5 24. Nc6 Qc7 25. Nxa7 Qxa7 26. Rd8 {Black resigns}
1-0

[Event "Team 45 45 League T32"]
[Site "Internet Chess Club"]
[Date "2007.03.09"]
[Round "8"]
[White "Squaredance"]
[Black "Vael"]
[Result "1/2-1/2"]
[WhiteElo "1996"]
[BlackElo "1904"]
[ECO "A00"]
[TimeControl "2700+45"]

1. Nc3 c5 2. Nf3 Nc6 3. d4 cxd4 4. Nxd4 Nf6 5. Bg5 e6 6. Qd2 Bc5 7. e3 d5 8. Be2
h6 9. Bh4 O-O 10. a3 Nxd4 11. exd4 Be7 12. O-O Bd7 13. Rfe1 Qb6 14. Bd3 Bc6 15.
Qe3 Rfe8 16. Rab1 Rad8 17. b4 Ne4 18. Bxe7 Rxe7 19. Ne2 Nf6 20. b5 Bd7 21. Ng3
e5 22. dxe5 Qxe3 23. Rxe3 Ng4 24. Re2 Rxe5 25. f4 Rxe2 26. Nxe2 Nf6 27. Nd4 Ne4
28. Re1 Rc8 29. c4 {Game drawn by mutual agreement} 1/2-1/2

[Event "Team 45 45 League T32"]
[Site "Internet Chess Club"]
[Date "2007.03.12"]
[Round "8"]
[White "LoseOften"]
[Black "tourettes"]
[Result "0-1"]
[WhiteElo "1759"]
[BlackElo "1841"]
[ECO "C15"]
[TimeControl "2700+45"]

1. e4 e6 2. d4 d5 3. Nc3 Bb4 4. Ne2 Nc6 5. a3 Ba5 6. b4 Bb6 7. e5 f6 8. f4 fxe5
9. fxe5 Qh4+ 10. g3 Qg4 11. h3 Qf3 12. Rg1 Nxd4 13. Bg2 Qh5 14. Rf1 Nxe2 15.
Nxe2 Qxe5 16. Bf4 Qh5 17. Qd3 Nf6 18. Qc3 a5 19. b5 Bd7 20. Be5 Qg6 21. Bxf6
gxf6 22. Rxf6 Qg8 23. Qe5 O-O-O 24. a4 Rf8 25. Rh6 Bf2+ 26. Kd1 Bb6 27. Ra3 Rf5
28. Qc3 Qf8 29. Nf4 Bc5 30. Rb3 Bb4 31. Qd4 Qxh6 32. Qxh8+ Rf8 33. Qd4 Bd6 34.
Qa7 Kd8 35. Qa8+ Bc8 36. Qxa5 Bxf4 37. gxf4 Qxf4 38. Rf3 Qd4+ 39. Ke2 Qe4+ 40.
Kf2 Qxc2+ 41. Kf1 Rxf3+ 42. Bxf3 e5 43. Qa8 Qf5 44. Kg2 Qxh3+ 45. Kf2 e4 46. Bg2
Qc3 47. a5 e3+ {White resigns} 0-1

[Event "Team 45 45 League T32"]
[Site "Internet Chess Club"]
[Date "2007.03.10"]
[Round "8"]
[White "Legal"]
[Black "fledermaus"]
[Result "0-1"]
[WhiteElo "2007"]
[BlackElo "2028"]
[ECO "C29"]
[TimeControl "2700+45"]

1. e4 Nf6 2. Nc3 e5 3. f4 d5 4. fxe5 Nxe4 5. d3 Qh4+ 6. g3 Nxg3 7. Nf3 Qh5 8.
Nxd5 Bg4 9. Bg2 Nxh1 10. Nxc7+ Kd7 11. Nxa8 Nc6 12. Be3 Be7 13. Nb6+ axb6 14.
Bxh1 Bxf3 15. Qxf3 Qxf3 16. Bxf3 Nxe5 17. Bxb7 Ng4 18. Bg1 Bg5 19. Ke2 Re8+ 20.
Kf3 f5 21. Ba6 Kc7 22. d4 Nf6 23. Bd3 Ne4 24. Bxe4 Rxe4 25. Bf2 Bf6 26. Rd1 g5
27. h3 h5 28. b3 g4+ 29. hxg4 hxg4+ 30. Kg3 Be7 31. Re1 Bd6+ 32. Kg2 Rf4 33. Re6
Rf3 34. c4 Rc3 35. Re2 f4 36. Rd2 f3+ 37. Kf1 Rc1+ 38. Be1 Bg3 {White resigns}
0-1

[Event "Team 45 45 League T32"]
[Site "Internet Chess Club"]
[Date "2007.03.10"]
[Round "8"]
[White "chsrules88"]
[Black "StrayLite"]
[Result "1/2-1/2"]
[WhiteElo "2106"]
[BlackElo "1933"]
[ECO "B73"]
[TimeControl "2700+45"]

1. e4 c5 2. Nf3 g6 3. d4 cxd4 4. Nxd4 Nc6 5. Nc3 Bg7 6. Be3 Nf6 7. Be2 O-O 8.
O-O d6 9. Qd2 Ng4 10. Nxc6 bxc6 11. Bxg4 Bxg4 12. Bh6 Qd7 13. Bxg7 Kxg7 14. f4
f6 15. f5 gxf5 16. h3 Bh5 17. exf5 h6 18. Rae1 Rg8 19. Ne4 Qc7 20. Nf2 Bf7 21.
Qf4 {Game drawn by mutual agreement} 1/2-1/2

[Event "Team 45 45 League T32"]
[Site "Internet Chess Club"]
[Date "2007.03.11"]
[Round "8"]
[White "Ben85"]
[Black "PaulKaspar"]
[Result "0-1"]
[WhiteElo "1937"]
[BlackElo "1887"]
[ECO "B10"]
[TimeControl "2700+45"]

1. e4 c6 2. Nf3 d5 3. exd5 cxd5 4. Ne5 Nd7 5. d4 e6 6. f4 Ngf6 7. Nd2 Be7 8. Bd3
Qb6 9. c3 Nb8 10. O-O Bd7 11. Nxd7 Nbxd7 12. Nf3 O-O-O 13. a4 Kb8 14. a5 Qc7 15.
a6 b6 16. Ne5 Rdf8 17. Bb5 Nxe5 18. fxe5 Ne4 19. Qa4 f6 20. exf6 Rxf6 21. Be3
Rxf1+ 22. Rxf1 Bd6 23. g3 Bxg3 24. hxg3 Qxg3+ 25. Kh1 Qh3+ 26. Kg1 Qxe3+ 27. Kg2
Qg3+ 28. Kh1 Nf2+ 29. Rxf2 Qxf2 30. Qb4 Qf3+ 31. Kg1 Qg3+ 32. Kh1 Qc7 33. c4
dxc4 34. Bxc4 Qc6+ 35. Kg1 Rd8 36. Qe7 Qd7 37. Qb4 Qxd4+ 38. Kg2 Qd2+ {White
resigns} 0-1

[Event "Team 45 45 League T32"]
[Site "Internet Chess Club"]
[Date "2007.03.11"]
[Round "8"]
[White "DeLaSalle"]
[Black "JohnnySP"]
[Result "1-0"]
[WhiteElo "2058"]
[BlackElo "1888"]
[ECO "A03"]
[TimeControl "2700+45"]

1. f4 d5 2. e3 Nf6 3. Nf3 c5 4. b3 Nc6 5. Bb5 Bd7 6. O-O e6 7. Bb2 Be7 8. Bxc6
Bxc6 9. Ne5 O-O 10. Nxc6 bxc6 11. d3 Nd7 12. Nd2 Bf6 13. Bxf6 Nxf6 14. g4 Qb6
15. g5 Ne8 16. Rf3 Nd6 17. c4 Rad8 18. Rh3 g6 19. Qe1 Nf5 20. e4 Ng7 21. Qh4 Nh5
22. Nf1 f6 23. Ng3 fxg5 24. fxg5 Rf4 25. Nxh5 Rxh4 26. Nf6+ Kg7 27. Rxh4 Rh8 28.
Rf1 Qa5 29. Rhf4 Rd8 30. Ng4 Qc3 31. Rf7+ Kg8 32. Nh6+ Kh8 33. Rf8+ Rxf8 34.
Rxf8+ {Black resigns} 1-0

[Event "Team 45 45 League T32"]
[Site "Internet Chess Club"]
[Date "2007.03.10"]
[Round "8"]
[White "TheDude"]
[Black "siddhu"]
[Result "1/2-1/2"]
[WhiteElo "1828"]
[BlackElo "1830"]
[ECO "A11"]
[TimeControl "2700+45"]

1. c4 c6 2. g3 d5 3. cxd5 cxd5 4. Bg2 Nf6 5. d4 Bf5 6. Nc3 e6 7. a3 Bd6 8. Nf3
Nc6 9. Qb3 Qd7 10. Nb5 O-O 11. Nxd6 Qxd6 12. Qxb7 Rfb8 13. Qa6 Bc2 14. e3 Rb6
15. Qe2 Bb3 16. Nd2 Ba4 17. f4 Na5 18. b4 Nb3 19. Nxb3 Bxb3 20. Qb2 Bc4 21. Bd2
Rc8 22. Kf2 Rbc6 23. Rhc1 Bd3 24. Rxc6 Rxc6 25. Rc1 Ne4+ 26. Bxe4 Bxe4 27. Rc5
Bd3 28. a4 a6 29. Qa3 Bc4 30. b5 axb5 31. axb5 Rxc5 32. dxc5 Qb8 33. b6 Bb5 34.
Bc3 Bc6 35. Be5 Qa8 36. Qxa8+ Bxa8 37. Ke2 Kf8 38. Kd3 f6 39. Bd6+ Ke8 40. Kc3
Kd7 41. Kb4 Kc6 42. g4 Bb7 43. Kc3 Kd7 44. Kd4 g6 45. h4 h5 46. g5 fxg5 47. fxg5
Ke8 48. Be5 Bc6 49. Bf6 Kd7 50. Bg7 Ba4 51. Bf8 Bc2 52. Bd6 Kc6 53. Kc3 Be4 54.
Kb4 Bd3 55. Kc3 Be4 56. Kd4 Bc2 57. Ke5 Bf5 58. Kf6 Kb7 59. Ke7 Kc6 60. Kd8 Bg4
61. Be5 Be2 62. Bd6 Bd3 63. Kc8 Ba6+ 64. Kb8 Bb7 65. Be5 Ba6 66. Bd6 Bb7 67. Ka7
Bc8 68. Be5 Bb7 69. Bd4 Bc8 70. e4 dxe4 71. Be5 e3 72. Bd4 e2 73. Bf2 e5 74. Be1
e4 75. Bb4 e3 76. Kb8 Ba6 77. Ka7 Kb5 78. Be1 Bc8 79. Kb8 Ba6 80. Ka7 Bc8 81.
Kb8 Ba6 {Game drawn by mutual agreement} 1/2-1/2

[Event "Team 45 45 League T32"]
[Site "Internet Chess Club"]
[Date "2007.03.10"]
[Round "8"]
[White "DocHoliday"]
[Black "pokerram"]
[Result "0-1"]
[WhiteElo "1928"]
[BlackElo "1779"]
[ECO "B53"]
[TimeControl "2700+45"]

1. e4 c5 2. Nf3 d6 3. d4 cxd4 4. Qxd4 a6 5. Bc4 Nc6 6. Qd3 Nf6 7. Bg5 g6 8. Nc3
Bg7 9. O-O-O Qc7 10. Bxf6 Nb4 11. Qe2 Bxf6 12. a3 Bxc3 13. bxc3 Nc6 14. Rhe1 Ne5
15. Nxe5 dxe5 16. Rd2 Qa5 17. Kb2 Qb6+ 18. Bb3 a5 19. a4 Bd7 20. Qc4 Be6 21.
Qb5+ Qxb5 22. axb5 Bxb3 23. cxb3 a4 24. Ra1 a3+ 25. Rxa3 Rxa3 26. Kxa3 f5 27.
Rd5 fxe4 28. Rxe5 Rf8 29. Rxe4 Rxf2 30. Rg4 Re2 31. h4 e5 32. Kb4 e4 33. Kc4 Kd7
34. h5 gxh5 35. Rg7+ Kd6 36. Rxh7 Rxg2 37. Rxh5 Rd2 38. Rh6+ Ke5 39. Rb6 Rd7 40.
Rh6 e3 41. Rh8 Kf4 42. Re8 Kf3 43. b6 e2 44. Kb5 Rd3 45. Rf8+ Kg2 46. Rg8+ Kf2
47. Rf8+ Rf3 {White resigns} 0-1

[Event "Team 45 45 League T32"]
[Site "Internet Chess Club"]
[Date "2007.03.11"]
[Round "8"]
[White "nanning"]
[Black "AntonioMendonca"]
[Result "0-1"]
[WhiteElo "1469"]
[BlackElo "1646"]
[ECO "A03"]
[TimeControl "2700+45"]

1. f4 d5 2. Nf3 Nf6 3. g3 Bf5 4. Bg2 e6 5. Nh4 Bg4 6. h3 Bh5 7. d3 Nc6 8. Nd2
Bc5 9. Nb3 Bb6 10. c3 Qe7 11. Qc2 Nd7 12. Nf3 f6 13. Bd2 a5 14. Nbd4 Nxd4 15.
Nxd4 f5 16. Bf3 Bxf3 17. Nxf3 O-O 18. d4 Nf6 19. h4 Ne4 20. Rh3 c5 21. e3 cxd4
22. exd4 a4 23. a3 Bc7 24. h5 b5 25. Be3 Rac8 26. Qh2 Ba5 27. Nh4 Rxc3 28. bxc3
Bxc3+ 29. Ke2 Bxa1 30. Ng6 Qxa3 31. Nxf8 Kxf8 32. Kf3 Bxd4 33. Qe2 Qxe3+ 34.
Qxe3 Bxe3 35. Kxe3 b4 36. Kd3 Nf2+ {White resigns} 0-1

[Event "Team 45 45 League T32"]
[Site "Internet Chess Club"]
[Date "2007.03.12"]
[Round "8"]
[White "Queen"]
[Black "Lionskins"]
[Result "0-1"]
[WhiteElo "1492"]
[BlackElo "1539"]
[ECO "B32"]
[TimeControl "2700+45"]

1. e4 c5 2. Nf3 Nc6 3. d4 cxd4 4. Nxd4 Qa5+ 5. Bd2 Qe5 6. Nxc6 Qxe4+ 7. Be2 Qxc6
8. O-O e6 9. Nc3 a6 10. Bf4 Nf6 11. Kh1 h6 12. a3 Qb6 13. b3 Be7 14. Be3 Qc7 15.
Qd4 Bd6 16. f4 Rg8 17. Ne4 Be7 18. Qc3 Qc6 19. Qxc6 bxc6 20. Nc5 Nd5 21. Bd4 d6
22. Ne4 c5 23. Bb2 Ne3 24. Rfc1 Bb7 25. Bf3 Rb8 26. Bc3 d5 27. Nf2 g5 28. Be5
Rc8 29. Nd3 g4 30. Be2 d4 31. f5 Bxg2+ 32. Kg1 exf5 33. Bf4 Bf3 34. Bxf3 gxf3+
35. Kf2 h5 36. c3 Nd5 37. cxd4 Nxf4 38. Nxf4 Rg4 39. Kxf3 h4 40. d5 Bd6 41. Rc4
Rb8 42. Rb1 Kd7 43. Ra4 Rb6 44. Ke3 Be7 45. Rc4 Bg5 46. Ra4 Kd6 47. h3 Rg3+ 48.
Kd2 Rxh3 49. Rg1 Rbxb3 50. Rxg5 Rh2+ 51. Ng2 Rb2+ 52. Kd3 Rbxg2 53. Rxa6+ Ke5
54. Rxg2 Rxg2 55. Kc4 h3 56. Rh6 Rc2+ 57. Kd3 Ra2 58. Kc4 Rxa3 59. Kxc5 Ra5+ 60.
Kc4 Rxd5 61. Rxh3 Rd4+ 62. Kc5 f4 63. Rh5+ f5 64. Rxf5+ Kxf5 65. Kxd4 Kg4 66.
Ke4 f3 67. Ke3 Kg3 68. Kd3 f2 {White resigns} 0-1

[Event "Team 45 45 League T32"]
[Site "Internet Chess Club"]
[Date "2007.03.12"]
[Round "8"]
[White "chaos-emporor"]
[Black "juanhernandez"]
[Result "1-0"]
[WhiteElo "1555"]
[BlackElo "1489"]
[ECO "B54"]
[TimeControl "2700+45"]

1. e4 c5 2. Nf3 d6 3. d4 cxd4 4. Nxd4 Nc6 5. Nc3 e5 6. Nde2 g6 7. g3 Bg7 8. Bg2
Nf6 9. O-O O-O 10. f4 Qb6+ 11. Kh1 Ng4 12. Qe1 exf4 13. Rxf4 Bh6 14. Rxg4 Bxc1
15. Rh4 Bxb2 16. Rb1 Bxc3 17. Nxc3 Qc5 18. Nd5 f5 19. Qd2 fxe4 20. Qh6 Rf7 21.
Nf6+ Rxf6 22. Qxh7+ Kf8 23. Qh8+ Ke7 24. Rxe4+ Ne5 25. Qg7+ Rf7 26. Qxg6 Bf5 27.
Rxb7+ Bd7 28. Rxe5+ Qxe5 29. Rxd7+ Kxd7 30. Qxf7+ Kd8 31. Bxa8 Qe1+ 32. Kg2 Qe2+
33. Qf2 {Black resigns} 1-0